 Dungeon Crawl Stone Soup version 0.26.1-11-gd32895ea62 (webtiles) character file.

Game seed: 2465176727075953312

380776 H0rd4k the Spry (level 22, -1/189 HPs)
             Began as an Octopode Transmuter on July 20, 2021.
             Was an Initiate of Jiyva (penitent).
             Slain by a death ooze (10 damage)
             ... created by the Royal Jelly
             ... on level 5 of the Pits of Slime on July 22, 2021.
             The game lasted 03:14:49 (61850 turns).

H0rd4k the Spry (Octopode Transmuter)              Turns: 61850, Time: 03:14:51

Health: -1/189     AC: 16    Str: 43      XL:     22   Next: 88%
Magic:  27/34      EV: 16    Int: 36      God:    Jiyva [*]
Gold:   161        SH:  0    Dex: 17 (19) Spells: 8/55 levels left

rFire    + + +     SeeInvis +     - Unarmed
rCold    x . .     Faith    .   (shield currently unavailable)
rNeg     . . .     Spirit   .   (helmet currently unavailable)
rPois    +         Reflect  .   S - amulet of Vitality {Regen+ HP+15}
rElec    .         Harm     .   F - +4 ring of protection
rCorr    +         Rampage  .   r - ring of resist corrosion
Will     ++...     Rnd*Rage +   U - ring of the Peasants {rF+ Will+ Int+4 SInv} Stlth +++++++...Rnd*Tele +
                                O - ring "Pasi" {*Contam Str+6 Int+6 Dex+3}
HPRegen  0.81/turn              R - +6 ring of intelligence
MPRegen  0.24/turn              s - ring "Woruthug" {+Fly rPois Str+3 Int+4 Stlth+}
                                z - +6 ring of strength
                                Z - ring "Qugeyniff" {Str+7 Dex+6}

@: dragon-form, corroded, flying, studying Ice Magic
A: giant, almost no armour, stealthy swim, amphibious, 8 rings, (constrict 8),
berserk 2, blink, blurry vision 3, clumsy 2, deterioration 2, dopey 2, frail 2,
low mp 2, teleportitis 1, weak 1
}: 2/15 runes: decaying, serpentine
a: Breathe Fire, Stop Flying, End Transformation, Blink, Renounce Religion


You were on level 5 of the Pits of Slime.
You worshipped Jiyva.
Jiyva was demanding penance.
You were a fearsome dragon!
You visited 8 branches of the dungeon, and saw 40 of its levels.
You visited the Abyss 1 time.
You also visited: Sewer, Bailey, Ice Cave and Volcano.

You collected 18977 gold pieces.
You spent 9764 gold pieces at shops.
You paid 9052 gold pieces to Gozag.

Inventory:

Missiles
 H - 6 datura-tipped darts (quivered)
Magical Staves
 l - an uncursed staff of cold
 L - an uncursed staff of earth
Jewellery
 r - a ring of resist corrosion (right foreclaw)
 s - the ring "Woruthug" (on tentacle) {+Fly rPois Str+3 Int+4 Stlth+}
   (You bought it in a shop on level 4 of the Snake Pit)

   [ring of flight]

   It affects your strength (+3).
   It affects your intelligence (+4).
   It protects you from poison.
   It lets you fly.
   It makes you more stealthy.
 z - a +6 ring of strength (on tentacle)
 F - a +4 ring of protection (left foreclaw)
 G - an uncursed ring of wizardry
 O - the ring "Pasi" (on tentacle) {*Contam Str+6 Int+6 Dex+3}
   (You bought it in a shop on level 4 of the Snake Pit)

   [ring of intelligence]

   It affects your strength (+6).
   It affects your intelligence (+6).
   It affects your dexterity (+3).
   It causes magical contamination when unequipped.
 R - a +6 ring of intelligence (on tentacle)
 S - the amulet of Vitality (around neck) {Regen+ HP+15}
   (You bought it in a shop on level 11 of the Dungeon)

   [amulet of regeneration]

   It affects your health (+15).
   It increases your rate of regeneration.
 U - the ring of the Peasants (on tentacle) {rF+ Will+ Int+4 SInv}
   (You bought it in a shop on level 11 of the Dungeon)

   [ring of see invisible]

   It affects your intelligence (+4).
   It protects you from fire.
   It affects your willpower, your defense against some magical effects.
   It lets you see invisible.
 Z - the ring "Qugeyniff" (on tentacle) {Str+7 Dex+6}
   (You bought it in a shop on level 11 of the Dungeon)

   [ring of dexterity]

   It affects your strength (+7).
   It affects your dexterity (+6).
Wands
 b - a wand of flame (87)
 q - a wand of disintegration (62)
 x - a wand of enslavement (36)
 y - a wand of digging (23)
 T - a wand of acid (5)
 X - a wand of iceblast (29)
Scrolls
 a - 6 scrolls of enchant armour
 d - 4 scrolls of fear
 g - 4 scrolls of enchant weapon
 i - 4 scrolls of fog
 j - 16 scrolls of teleportation
 m - 2 scrolls of magic mapping
 o - 3 scrolls of blinking
 p - 12 scrolls of identify
 u - 23 scrolls of remove curse
 A - 7 scrolls of amnesia
 J - a scroll of summoning
 M - a scroll of brand weapon
 N - 3 scrolls of holy word
 Y - 3 scrolls of silence
Potions
 e - 8 potions of heal wounds
 f - 3 potions of resistance
 h - 15 potions of curing
 k - 5 potions of magic
 n - 2 potions of berserk rage
 t - 7 potions of ambrosia
 B - a potion of haste
 C - 4 potions of flight
 D - 5 potions of brilliance
 I - 8 potions of might
 P - 2 potions of cancellation
Books
 w - a manual of Ice Magic
Miscellaneous
 c - a phial of floods
 v - a condenser vane
 K - a phantom mirror
 Q - a lightning rod (4/4)


   Skills:
 + Level 8.9 Fighting
 + Level 9.7 Crossbows
 + Level 2.3 Throwing
 + Level 17.5 Dodging
 + Level 15.8 Stealth
 + Level 14.2 Unarmed Combat
 + Level 17.1 Spellcasting
 + Level 0.3 Conjurations
 + Level 2.3 Hexes
 + Level 2.2 Translocations
 + Level 13.8 Transmutations
 * Level 9.3 Ice Magic
 + Level 13.1 Earth Magic
 + Level 4.2 Poison Magic
 + Level 3.0 Evocations


You had 8 spell levels left.
You knew the following spells:

 Your Spells              Type           Power        Failure   Level
a - Beastly Appendage     Tmut           100%         0%          1
b - Spider Form           Tmut/Pois      38%          1%          3
c - Blade Hands           Tmut           46%          1%          5
d - Ice Form              Ice/Tmut       85%          1%          4
e - Portal Projectile     Hex/Tloc       94%          1%          3
f - Ozocubu's Armour      Ice            78%          1%          3
g - Olgreb's Toxic Radia  Pois           57%          1%          4
h - Statue Form           Tmut/Erth      60%          1%          6
i - Dragon Form           Tmut           46%          3%          7
j - Lee's Rapid Deconstr  Erth           45%          1%          5
k - Iron Shot             Conj/Erth      34%          11%         6

Your spell library contained the following spells:

 Spells                   Type           Power        Failure   Level
 Passwall                 Tmut/Erth      75%          0%          2
 Wereblood                Tmut           92%          0%          2
 Animate Skeleton         Necr           60%          1%          1
 Corona                   Hex            52%          1%          1
 Freeze                   Ice            100%         1%          1
 Pain                     Necr           100%         1%          1
 Shock                    Conj/Air       100%         1%          1
 Sting                    Tmut/Pois      100%         1%          1
 Blink                    Tloc           N/A          1%          2
 Ensorcelled Hibernation  Hex/Ice        100%         1%          2
 Poisonous Vapours        Pois/Air       92%          1%          2
 Slow                     Hex            47%          1%          2
 Swiftness                Air            30%          1%          2
 Frozen Ramparts          Ice            100%         1%          3
 Gell's Gravitas          Tloc           23%          1%          3
 Ignite Poison            Fire/Tmut/Pois 65%          1%          3
 Inner Flame              Hex/Fire       39%          1%          3
 Lesser Beckoning         Tloc           23%          1%          3
 Mephitic Cloud           Conj/Pois/Air  42%          1%          3
 Teleport Other           Tloc           47%          1%          3
 Hailstorm                Conj/Ice       60%          1%          4
 Leda's Liquefaction      Hex/Erth       36%          1%          4
 Summon Ice Beast         Ice/Summ       59%          1%          4
 Borgnjor's Vile Clutch   Necr/Erth      33%          1%          5
 Irradiate                Conj/Tmut      34%          1%          5
 Hydra Form               Tmut           46%          1%          6
 Metabolic Englaciation   Hex/Ice        32%          2%          5
 Static Discharge         Conj/Air       32%          3%          3
 Vampiric Draining        Necr           15%          3%          3
 Ozocubu's Refrigeration  Ice            39%          3%          6
 Cause Fear               Hex            23%          4%          4
 Passage of Golubria      Tloc           N/A          4%          4
 Bolt of Magma            Conj/Fire/Erth 29%          4%          5
 Airstrike                Air            15%          11%         4
 Animate Dead             Necr           15%          11%         4
 Silence                  Hex/Air        19%          19%         5
 Iskenderun's Battlesphe  Conj           33%          26%         5
 Simulacrum               Ice/Necr       29%          26%         6
 Lightning Bolt           Conj/Air       16%          28%         5
 Agony                    Necr           30%          30%         5
 Freezing Cloud           Conj/Ice/Air   26%          41%         6
 Invisibility             Hex            47%          54%         6
 Shadow Creatures         Summ           N/A          86%         6
 Lehudib's Crystal Spear  Conj/Erth      34%          99%         8
 Orb of Destruction       Conj           16%          100%        7
 Spellforged Servitor     Conj/Summ      16%          100%        7
 Chain Lightning          Conj/Air       16%          100%        8
 Shatter                  Erth           45%          99%         9
 Absolute Zero            Ice            39%          100%        9
 Fire Storm               Conj/Fire      16%          100%        9


Dungeon Overview and Level Annotations

Branches:
Dungeon (15/15)            Temple (1/1) D:4            Lair (6/6) D:11
  Swamp (4/4) Lair:2        Snake (4/4) Lair:3        Slime (5/5) Lair:6
    Orc (2/2) D:10            Elf (3/3) Orc:2        Vaults (0/5) D:13
 Depths (0/5) D:15          Sewer (visited)          Bailey (visited)
  IceCv (visited)         Volcano (visited)

Altars:
Ashenzari
Cheibriados
Dithmenos
Elyvilon
Fedhas
Gozag
Hepliaklqana
Kikubaaqudgha
Makhleb
Nemelex Xobeh
Okawaru
Qazlal
Ru
Sif Muna
Trog
Uskayaw
Vehumet
Wu Jian
Xom
Yredelemnul
Zin
The Shining One
Jiyva

Shops:
D:7 !   D:9 (   D:11 (=*:=*:=   Orc:2 *([[   Elf:2 }   Elf:3 (   Snake:1 !?
Snake:4 =}=

Annotations:
D:12 exclusion: upstairs
Lair:5 exclusion: 2 downstairs
Slime:5 Royal Jelly
Orc:1 exclusion: downstairs


Innate Abilities, Weirdness & Mutations

You cannot wear most types of armour.
You are very stealthy in the water. (Stealth+)
You are amphibious.
You can wear up to eight rings at the same time.
((You can use your tentacles to constrict eight enemies at once.))
((Your skin changes colour to match your surroundings (Stealth+).))
((Your rubbery body absorbs attacks. (AC +1, EV +1)))
You often lose your temper in combat.
You can translocate small distances at will.
Scrolls take you much longer to read.
You are very clumsy. (Dex -4)
Your body often deteriorates upon taking damage.
You are very dopey. (Int -4)
You are very frail. (-20% HP)
Your magical capacity is very low. (-20% MP)
You are occasionally teleported next to monsters.
You are weak. (Str -2)


Message History

Unknown command.
Really attack the Royal Jelly?
This attack would place you under penance!
You maul the Royal Jelly!!!
Your foreclaws burn!
Your tail-slap misses the Royal Jelly.
You claw the Royal Jelly.
The Royal Jelly is moderately wounded.
The Royal Jelly shudders alarmingly.
The Royal Jelly spits out five more jellies.
The Royal Jelly hits you!!
* * * LOW HITPOINT WARNING * * *
You are splashed with acid.
You resist.
* * * LOW HITPOINT WARNING * * *
The Royal Jelly barely misses you.
Unknown command.
The Royal Jelly hits you!!
* * * LOW HITPOINT WARNING * * *
The acid corrodes you!
You are splashed with acid.
You resist.
* * * LOW HITPOINT WARNING * * *
The Royal Jelly hits you but does no damage.
The death ooze misses you. The death ooze hits you!
You die...

.................................
.................................
.......^.........................
.................................
...........##..#JJ.##............
..........######J#####...........
.........###[##J.##[##...........
.........##!))#J##$[(##..........
........##$|:##JD##()[###........
......###=}[)$##.#![φ=/###......^
.......##(["!##..##[)!$# #.......
.......###?$#)#.##)#[?## #.......
......#########..#########.......
.........#...#._..#...#..........
.......#...#........#...##.......
.......########..#########.......
.......###$$#"#.##)#[$####.......


You could see the Royal Jelly, an azure jelly and a death ooze.

Vanquished Creatures
  Vashnia (Snake:4)
  Saint Roka (Orc:2)
  Nikola (Snake:2)
  A lich (Abyss:3)
  The ghost of tamionv the Spawn of Chaos, an adept DDFi of Makhleb (Elf:3)
  A tentacled monstrosity (Swamp:2)
  3 deep elf blademasters
  Asterion (Elf:2)
  2 deep elf master archers (Elf:3)
  14 acid blobs
  The ghost of Ozaddeen the Eclecticist, an adept GnWr of Okawaru (Snake:3)
  An Executioner (Abyss:3)
  Frances (Snake:1)
  A tentacled starspawn (Abyss:3)
  Kirke (D:12)
  A thorn hunter (Swamp:4)
  A shadow dragon (Elf:1)
  A storm dragon (Elf:1)
  4 azure jellies
  9 nagarajas
  Aizul (Snake:2)
  4 deep elf sorcerers (Elf:3)
  An angel (Abyss:3)
  2 deep elf elementalists (Elf:3)
  The ghost of Ysuot the Spear-Bearer, a journeyman OpWn of Okawaru (Swamp:4)
  2 very ugly things (IceCv)
  13 deep elf demonologists
  8 deep elf annihilators
  Azrael (D:12)
  2 bunyips (Swamp:1)
  2 eleionomae
  Snorg (D:11)
  9 deep elf death magi (Elf:3)
  4 death oozes
  6 fire dragons
  A shambling mangrove (Abyss:3)
  3 deep elf high priests (Elf:3)
  4 great orbs of eyes
  10 naga warriors
  2 boulder beetles
  Harold (Lair:1)
  2 catoblepae
  22 hydras
  3 centaur warriors
  13 anacondas
  A death knight (D:15)
  4 ghost crabs
  2 ogre magi (D:14)
  6 two-headed ogres
  The ghost of ymhsbmbesitwf the Fighter, a novice BaBe of Trog (D:8)
  Urug (Orc:1)
  10 alligators
  A tengu warrior (D:14)
  2 orc high priests
  7 shock serpents
  A vampire mage (D:14)
  6 death yaks
  22 deep elf knights
  16 naga sharpshooters
  Nergalle (Lair:3)
  3 skeletal warriors (D:14)
  A fire crab (shapeshifter) (Abyss:3)
  7 salamander mystics
  A fire crab (Swamp:4)
  2 wretched stars (Abyss:3)
  15 spriggans
  4 goliath frogs
  7 swamp dragons
  A shadow demon (Abyss:3)
  A wizard (D:14)
  3 unseen horrors
  3 spriggan druids
  2 glowing orange brains
  An obsidian statue (D:10)
  12 deep elf archers
  2 bog bodies
  3 naga ritualists (Snake:4)
  6 lindwurms
  3 orc knights (Bailey)
  A necromancer (D:15)
  47 deep elf magi
  2 phantasmal warriors (D:15)
  2 ugly things
  10 orc sorcerers
  A wolf spider zombie (Abyss:3)
  7 shining eyes
  15 mana vipers
  4 oklob plants
  8 salamanders
  3 will-o-the-wisps
  A manticore (D:11)
  2 worldbinders (Abyss:3)
  Maurice (D:10)
  36 black mambas
  2 cyclopes
  5 elephants (Lair:6)
  3 eyes of devastation
  7 guardian serpents
  A smoke demon (Abyss:3)
  6 ice statues
  2 water nymphs (Abyss:3)
  2 gargoyles
  31 naga magi
  27 cane toads
  A freezing wraith (D:15)
  A kobold demonologist (D:14)
  2 yaktaurs
  A rime drake (Lair:6)
  13 komodo dragons
  4 efreet
  An anaconda simulacrum (IceCv)
  A rime drake (shapeshifter) (Elf:3)
  An ice devil (Lair:4)
  2 ancient zymes (Abyss:3)
  A harpy zombie (D:15)
  A tengu conjurer (D:14)
  15 tyrant leeches
  5 trolls
  3 polar bears
  7 raiju (Abyss:3)
  13 hornets
  32 blink frogs
  69 slime creatures
  A meliai zombie (D:15)
  2 flying skulls (Abyss:3)
  An air elemental (Elf:1)
  62 yaks
  A vampire (Abyss:3)
  Eustachio (D:6)
  4 water elementals
  3 wraiths
  4 shadows
  7 hogs (D:12)
  3 wyverns
  2 ynoxinuls (Abyss:3)
  10 fire bats (Volcano)
  4 chaos spawn (Abyss:3)
  6 golden eyes
  5 basilisks
  6 fire elementals
  6 steam dragons
  Grum (D:11)
  A neqoxec (Abyss:3)
  23 vampire mosquitoes
  2 harpy simulacra (IceCv)
  3 small abominations (Abyss:3)
  An iron troll simulacrum (IceCv)
  Menkaure (D:6)
  5 wargs
  16 swamp worms
  2 soldier ants
  2 acid dragons
  50 nagas
  3 hydra simulacra (IceCv)
  6 hell hounds
  11 water moccasins
  6 swamp drakes (Swamp:4)
  31 orc warriors
  A black bear (D:7)
  6 large abominations (Abyss:3)
  2 phantoms
  17 ice beasts
  2 ettin simulacra (IceCv)
  5 sky beasts
  5 eyes of draining
  9 ogres
  24 centaurs
  2 necrophages
  4 boggarts (D:14)
  11 wolves
  3 big kobolds
  5 earth elementals
  36 bullfrogs
  A wyvern skeleton (D:9)
  2 hornet simulacra
  4 scorpions
  A water moccasin skeleton (D:10)
  16 wights
  A jelly (D:8)
  5 electric eels (D:10)
  2 vampire bats (D:6)
  4 howler monkeys
  6 centaur zombies
  7 lava snakes (Volcano)
  2 hounds
  A quasit (D:7)
  24 orc priests
  A bullfrog skeleton (D:8)
  3 centaur skeletons
  3 bullfrog zombies
  36 orc wizards
  5 iguanas
  8 worker ants
  2 hound zombies
  A howler monkey zombie (D:5)
  Robin (D:3)
  12 adders
  10 white imps
  2 oozes
  An adder skeleton (D:7)
  3 worms
  2 dart slugs (D:2)
  5 leopard geckos
  87 orcs
  3 ball pythons (Sewer)
  5 bat skeletons (D:6)
  A bat zombie (D:6)
  11 giant cockroaches
  19 goblins
  11 hobgoblins
  6 jackals
  15 kobolds
  5 quokkas
  7 bats
  11 frilled lizards
  A jackal zombie (D:7)
  2 quokka zombies
  5 rats
1506 creatures vanquished.

Vanquished Creatures (others)
  A shambling mangrove (Swamp:4)
  40 dancing weapons
  2 swamp dragons (Swamp:4)
  A lindwurm (Swamp:4)
  2 bloated husks
  A tyrant leech (Swamp:4)
  2 steam dragons (Swamp:4)
  A chaos spawn (Abyss:3)
  5 swamp drakes
  A small abomination (Abyss:3)
  2 orc wizards
  2 kobolds (D:6)
  A bush (Lair:6)
  15 foxfires
  31 fungi
  108 plants
  4 withered plants
219 creatures vanquished.

Grand Total: 1725 creatures vanquished

Notes
Turn   | Place    | Note
-------+----------+-------------------------------------------
     0 | D:1      | H0rd4k the Octopode Transmuter began the quest for the Orb.
     0 | D:1      | Reached XP level 1. HP: 13/13 MP: 3/3
   292 | D:1      | Reached XP level 2. HP: 18/18 MP: 5/5
   885 | D:1      | Reached XP level 3. HP: 23/23 MP: 6/6
   889 | D:1      | Learned a level 3 spell: Spider Form
  1229 | D:2      | Reached skill level 1 in Poison Magic
  1229 | D:2      | Reached XP level 4. HP: 8/28 MP: 3/7
  2504 | D:3      | Found a burning altar of Makhleb.
  2507 | D:3      | You fall into a shaft and drop 2 floors!
  2507 | D:5      | Entered Level 5 of the Dungeon
  2548 | D:5      | Reached XP level 5. HP: 27/33 MP: 5/9
  2585 | D:5      | Found a broken altar of Ashenzari.
  2631 | D:5      | Noticed an ogre
  3240 | D:3      | Found a glowing silver altar of Zin.
  3436 | D:3      | Noticed Robin
  3676 | D:3      | Killed Robin
  4159 | D:4      | Found a staircase to the Ecumenical Temple.
  4184 | Temple   | Entered the Ecumenical Temple
  4272 | Temple   | Became a worshipper of Gozag Ym Sagoz the Greedy
  4388 | D:4      | Reached XP level 6. HP: 38/38 MP: 10/10
  4472 | D:4      | Noticed a +0 dagger
  4473 | D:4      | Noticed a +0 hand axe
  4528 | D:4      | Found a hide-covered altar of Uskayaw.
  4583 | D:4      | Reached skill level 5 in Unarmed Combat
  5389 | D:4      | Reached XP level 7. HP: 29/44 MP: 8/12
  7247 | D:6      | Found a glowing drain.
  7277 | D:6      | Reached XP level 8. HP: 41/50 MP: 11/14
  7300 | Sewer    | Entered a sewer
  7754 | D:6      | Found an ornate altar of the Wu Jian Council.
  7879 | D:6      | Noticed Menkaure
  8128 | D:6      | Noticed Eustachio
  8147 | D:6      | Killed Eustachio
  8198 | D:6      | Found an ancient bone altar of Kikubaaqudgha.
  8370 | D:6      | Killed Menkaure
  8503 | D:7      | Reached XP level 9. HP: 55/55 MP: 13/16
  8536 | D:7      | Reached skill level 5 in Transmutations
  8788 | D:7      | Reached skill level 5 in Spellcasting
  8966 | D:7      | Learned a level 5 spell: Blade Hands
  9213 | D:7      | Found Firiatoe's Distillery.
 10255 | D:8      | Reached skill level 5 in Dodging
 10525 | D:8      | Reached XP level 10. HP: 33/63 MP: 13/18
 10843 | D:8      | Noticed ymhsbmbesitwf's ghost (novice BaBe)
 10878 | D:8      | Found a runed translucent door.
 11189 | D:8      | Reached skill level 10 in Unarmed Combat
 11555 | D:9      | Noticed a two-headed ogre
 12496 | D:9      | Found a white marble altar of Elyvilon.
 12551 | D:9      | Found a basalt altar of Yredelemnul.
 12780 | D:9      | Reached skill level 1 in Stealth
 12849 | D:9      | Killed a two-headed ogre
 13114 | D:9      | Found a glowing golden altar of the Shining One.
 13114 | D:9      | Found an iron altar of Okawaru.
 13114 | D:9      | Found a shadowy altar of Dithmenos.
 13114 | D:9      | Found a hazy altar of Hepliaklqana.
 13275 | D:9      | Noticed a two-headed ogre
 13283 | D:9      | Killed a two-headed ogre
 13329 | D:9      | Found Ydopn's Weapon Boutique.
 13581 | D:10     | Entered Level 10 of the Dungeon
 13721 | D:10     | Reached XP level 11. HP: 35/68 MP: 22/22
 13993 | D:10     | Found a staircase to the Orcish Mines.
 14381 | D:10     | Noticed a two-headed ogre
 14401 | D:10     | Killed a two-headed ogre
 14561 | D:10     | Noticed an obsidian statue
 14933 | D:10     | Found a large runed translucent door.
 14933 | D:10     | Found a large runed translucent door.
 14943 | D:10     | Found a large runed translucent door.
 14945 | D:10     | Noticed a five-headed hydra
 14945 | D:10     | Noticed a two-headed ogre
 14980 | D:10     | Found a large runed translucent door.
 15607 | D:10     | Killed an unseen horror
 16111 | D:10     | Noticed Maurice
 16137 | D:10     | Killed Maurice
 16737 | D:11     | Noticed a manticore
 16750 | D:11     | Killed a manticore
 17770 | D:11     | Noticed a two-headed ogre
 17789 | D:11     | Killed a two-headed ogre
 18025 | D:12     | Noticed Azrael
 18050 | D:12     | Noticed Kirke
 18051 | D:12     | Reached XP level 12. HP: 69/74 MP: 24/24
 18513 | D:12     | Killed Azrael
 18833 | D:12     | Noticed a boulder beetle
 18858 | D:12     | Killed Kirke
 19349 | D:11     | Paralysed by a hornet for 2 turns
 19769 | D:11     | Noticed Grum
 19783 | D:11     | Noticed Snorg
 19936 | D:11     | Killed Grum
 20427 | D:11     | Found a staircase to the Lair.
 20519 | D:11     | Learned a level 4 spell: Ice Form
 20579 | D:11     | Bought the amulet of Vitality {Regen+ HP+15} for 1343 gold
                  | pieces
 20579 | D:11     | Found the amulet of Vitality {Regen+ HP+15}
 20596 | Lair:1   | Entered Level 1 of the Lair of Beasts
 20604 | Lair:1   | Reached skill level 1 in Ice Magic
 20728 | Lair:1   | Noticed Harold
 20747 | Lair:1   | Killed Harold
 20748 | Lair:1   | Reached skill level 5 in Stealth
 20897 | Lair:1   | Reached XP level 13. HP: 81/81 MP: 26/26
 21627 | Lair:2   | Reached skill level 5 in Fighting
 21779 | Lair:2   | Found a staircase to the Swamp.
 21905 | Lair:2   | Reached skill level 10 in Transmutations
 21936 | Lair:2   | Reached skill level 10 in Spellcasting
 22956 | Lair:3   | Found a staircase to the Snake Pit.
 23027 | Lair:3   | Noticed Nergalle
 23035 | Lair:3   | Killed Nergalle
 25620 | Lair:5   | Reached XP level 14. HP: 88/88 MP: 29/29
 25923 | Lair:6   | Entered Level 6 of the Lair of Beasts
 25923 | Lair:6   | Found a staircase to the Slime Pits.
 28191 | D:11     | Bought the ring "Qugeyniff" {Str+7 Dex+6} for 1363 gold
                  | pieces
 28196 | D:11     | Bought the +12 arbalest "Emowad" {venom, *Corrode Int+8
                  | SInv} for 878 gold pieces
 28551 | Lair:1   | Learned a level 3 spell: Portal Projectile
 28865 | Lair:6   | Reached skill level 1 in Hexes
 29058 | Lair:6   | Reached skill level 1 in Translocations
 29622 | Lair:6   | Reached XP level 15. HP: 91/94 MP: 31/31
 30224 | Orc:1    | Entered Level 1 of the Orcish Mines
 30224 | Orc:1    | Noticed Urug
 30242 | Orc:1    | Killed Urug
 30243 | Orc:1    | Reached skill level 1 in Evocations
 30357 | Orc:1    | Found a dark tunnel.
 30377 | Volcano  | Entered a volcano
 30744 | Volcano  | Found a radiant altar of Vehumet.
 30789 | Volcano  | Found a radiant altar of Vehumet.
 31089 | D:11     | Killed Snorg
 31629 | D:11     | Learned a level 3 spell: Ozocubu's Armour
 32056 | Orc:2    | Entered Level 2 of the Orcish Mines
 32058 | Orc:2    | Found a staircase to the Elven Halls.
 32233 | Orc:2    | Noticed Saint Roka
 32868 | Orc:2    | Reached skill level 1 in Crossbows
 33260 | Orc:2    | Found Arphoar's Armour Shoppe.
 33260 | Orc:2    | Found Usim's Antique Armour Shoppe.
 33261 | Orc:2    | Found Uroass's Weapon Emporium.
 33265 | Orc:2    | Found Xamoegez's General Store.
 33272 | Orc:2    | Bought 6 datura-tipped darts for 38 gold pieces
 33364 | Orc:2    | Learned a level 4 spell: Olgreb's Toxic Radiance
 34342 | D:7      | Bought a potion of heal wounds for 60 gold pieces
 34432 | D:8      | Killed ymhsbmbesitwf's ghost
 34713 | D:10     | Got a bound tin amulet
 34732 | D:10     | Identified the amulet of Amorality {Inacc rC+ rN+ Will+}
                  | (You found it on level 10 of the Dungeon)
 35303 | Lair:5   | Reached skill level 1 in Throwing
 35619 | D:11     | Bought a book of Transfigurations for 715 gold pieces
 35626 | D:11     | Learned a level 6 spell: Statue Form
 35634 | D:11     | Learned a level 7 spell: Dragon Form
 36099 | Swamp:1  | Entered Level 1 of the Swamp
 36194 | Swamp:1  | Reached skill level 1 in Earth Magic
 36349 | Swamp:1  | Reached skill level 10 in Dodging
 36875 | Swamp:1  | Reached XP level 16. HP: 101/101 MP: 29/33
 36968 | Swamp:1  | You fall into a shaft and drop 1 floor!
 37395 | Swamp:2  | Reached skill level 10 in Stealth
 37546 | Swamp:2  | Noticed a tentacled monstrosity
 37883 | Swamp:2  | Killed a tentacled monstrosity
 37884 | Swamp:2  | Reached skill level 5 in Crossbows
 38364 | Swamp:2  | Reached XP level 17. HP: 107/107 MP: 34/34
 38552 | Swamp:3  | Identified the Collected Works on Beguiling
 39142 | Swamp:4  | Entered Level 4 of the Swamp
 39802 | Swamp:4  | Reached skill level 5 in Earth Magic
 40037 | Swamp:4  | Found a runed translucent door.
 40037 | Swamp:4  | Noticed Ysuot's ghost (journeyman OpWn)
 40641 | Swamp:4  | Reached XP level 18. HP: 114/114 MP: 36/36
 40758 | Swamp:4  | Got a decaying rune of Zot
 40805 | Swamp:4  | Killed Ysuot's ghost
 41067 | Orc:2    | Killed Saint Roka
 41765 | Snake:1  | Entered Level 1 of the Snake Pit
 42180 | Snake:1  | Identified the +7 short sword of the Dwarven Hall {pain,
                  | +Rage rElec Str-4 Int+5}
 42526 | Snake:1  | Found Puminich's Magic Scroll Boutique.
 42526 | Snake:1  | Found Fuophuam's Distillery.
 42565 | Snake:1  | Bought a scroll of summoning for 142 gold pieces
 42565 | Snake:1  | Bought a scroll of blinking for 112 gold pieces
 42667 | Snake:1  | Noticed Frances
 42678 | Snake:1  | Killed Frances
 42941 | Snake:2  | Noticed Aizul
 42951 | Snake:2  | Killed Aizul
 43836 | Snake:2  | Noticed Nikola
 43851 | Snake:2  | Killed Nikola
 44212 | Snake:3  | Found a frozen archway.
 44272 | IceCv    | Entered an ice cave
 45018 | Snake:3  | Reached skill level 15 in Spellcasting
 45102 | Snake:3  | Found a runed translucent door.
 45103 | Snake:3  | Noticed Ozaddeen's ghost (adept GnWr)
 45794 | Snake:4  | Entered Level 4 of the Snake Pit
 45837 | Snake:4  | Found Joummabb's Jewellery Shop.
 45866 | Snake:4  | Found Itzeboo's Gadget Emporium.
 45867 | Snake:4  | Found Issestoa's Jewellery Shop.
 45877 | Snake:4  | Bought the ring "Woruthug" {+Fly rPois Str+3 Int+4 Stlth+}
                  | for 831 gold pieces
 45881 | Snake:4  | Bought the ring "Pasi" {*Contam Str+6 Int+6 Dex+3} for 945
                  | gold pieces
 45916 | Snake:4  | Noticed Vashnia
 45934 | Snake:4  | Reached XP level 19. HP: 119/119 MP: 34/38
 45984 | Snake:4  | Killed Vashnia
 47264 | Snake:4  | Reached skill level 15 in Dodging
 47299 | Snake:4  | Got a serpentine rune of Zot
 47472 | Snake:4  | Bought the ring "Gyeck" {SInv Stlth+} for 344 gold pieces
 47540 | Snake:3  | Killed Ozaddeen's ghost
 47823 | D:11     | Bought a slimy battleaxe for 310 gold pieces
 47824 | D:11     | Identified the +2 battleaxe "Jydwes" {pain, Str+3} (You
                  | bought it in a shop on level 11 of the Dungeon)
 47936 | Elf:1    | Entered Level 1 of the Elven Halls
 48050 | Elf:1    | Learned a level 5 spell: Lee's Rapid Deconstruction
 48304 | Elf:1    | Reached XP level 20. HP: 126/126 MP: 19/39
 49284 | Elf:1    | Found a runed translucent gate.
 49284 | Elf:1    | Found a runed translucent gate.
 49284 | Elf:1    | Found a runed translucent gate.
 49284 | Elf:1    | Found a runed translucent gate.
 49284 | Elf:1    | Found a runed translucent gate.
 49285 | Elf:1    | Found a runed translucent gate.
 49682 | Elf:1    | Reached skill level 10 in Earth Magic
 49849 | Elf:2    | Noticed Asterion
 49849 | Elf:2    | Noticed a Tzitzimitl
 49863 | Elf:2    | Gained mutation: You tend to lose your temper in combat. [a
                  | cacodemon]
 49865 | Elf:2    | Killed Asterion
 50058 | Elf:2    | Found Remus's Gadget Emporium.
 50076 | Elf:2    | Found a huge runed translucent gate.
 50076 | Elf:2    | Found a huge runed translucent gate.
 50076 | Elf:2    | Found a huge runed translucent gate.
 50076 | Elf:2    | Found a huge runed translucent gate.
 50081 | Elf:2    | Found a huge runed translucent gate.
 50933 | Elf:3    | Entered Level 3 of the Elven Halls
 51094 | Elf:3    | Found Cemoptu's Antique Weapon Shop.
 51120 | Elf:3    | Bought a steaming rapier for 171 gold pieces
 51120 | Elf:3    | Bought a crude flail for 161 gold pieces
 51120 | Elf:3    | Bought a smoking long sword for 161 gold pieces
 51121 | Elf:3    | Identified the +5 rapier of Corporal Punishment {chaos,
                  | Int+2} (You bought it in a shop on level 3 of the Elven
                  | Halls)
 51127 | Elf:3    | Identified the cursed +1 long sword of Tenacity {vorpal,
                  | *Drain Will++ Str+2} (You bought it in a shop on level 3 of
                  | the Elven Halls)
 51134 | Elf:3    | Identified the +5 flail of Eculom {flame, +Fly Dex+3} (You
                  | bought it in a shop on level 3 of the Elven Halls)
 51157 | Elf:3    | Noticed tamionv's ghost (adept DDFi)
 51158 | Elf:3    | Found a runed translucent door.
 51173 | Elf:3    | Killed tamionv's ghost
 51653 | Elf:3    | Reached XP level 21. HP: 82/125 MP: 36/41
 51981 | Elf:3    | Cast into level 3 of the Abyss (a deep elf demonologist)
 52314 | Abyss:3  | Noticed a bone dragon
 52616 | Abyss:3  | Noticed a profane servitor
 52642 | Elf:3    | Escaped the Abyss
 53111 | Elf:3    | Identified the ring of Moyfut {+Fly rC+}
 53127 | Elf:3    | Reached skill level 15 in Stealth
 53376 | Elf:3    | Learned a level 6 spell: Iron Shot
 53797 | D:12     | Reached skill level 5 in Ice Magic
 54314 | D:13     | Found a flagged portal.
 54330 | Bailey   | Entered a bailey
 54730 | D:13     | Found a gate to the Vaults.
 55410 | D:11     | Bought a manual of Ice Magic for 1545 gold pieces
 55546 | D:14     | Reached XP level 22. HP: 139/139 MP: 42/42
 55694 | D:14     | Found the +12 glaive of Prune {vorpal}
 55777 | D:14     | Found an opulent altar of Gozag.
 56398 | D:14     | Got a faintly glowing bardiche
 56459 | D:14     | Identified the +5 bardiche of Fuxtaina {elec, rN+} (You
                  | found it on level 14 of the Dungeon)
 56492 | D:15     | Entered Level 15 of the Dungeon
 57524 | D:15     | Found a staircase to the Depths.
 58327 | Slime:1  | Entered Level 1 of the Pits of Slime
 59224 | Slime:3  | Gained mutation: Your magical capacity is low. (-10% MP) [a
                  | shining eye]
 59225 | Slime:3  | Gained mutation: You are occasionally teleported next to
                  | monsters. [a shining eye]
 59841 | Slime:5  | Entered Level 5 of the Pits of Slime
 59865 | Slime:5  | Noticed the Royal Jelly
 59865 | Slime:5  | Gained mutation: You are dopey. (Int -2) [a shining eye]
 59868 | Slime:5  | Gained mutation: You can translocate small distances at
                  | will. [a shining eye]
 59876 | Slime:5  | Gained mutation: You are clumsy. (Dex -2) [a shining eye]
 60144 | Slime:5  | Gained mutation: You are very dopey. (Int -4) [a shining
                  | eye]
 60361 | Slime:5  | Gained mutation: Your body sometimes deteriorates upon
                  | taking damage. [a shining eye]
 60592 | Slime:5  | Found a viscous altar of Jiyva.
 60593 | Slime:5  | Found the +3 hat of Pondering {ponderous, Will+ MP+10
                  | Int+5}
 60724 | Slime:1  | Gained mutation: You often lose your temper in combat. [a
                  | shining eye]
 60725 | Slime:1  | Gained mutation: Scrolls take you a little longer to read.
                  | [a shining eye]
 60726 | Slime:1  | Gained mutation: You are frail. (-10% HP) [a shining eye]
 60729 | Slime:1  | Paralysed by a great orb of eyes for 4 turns
 60735 | Slime:1  | Gained mutation: Your magical capacity is very low. (-20%
                  | MP) [a shining eye]
 60735 | Slime:1  | Gained mutation: Your body often deteriorates upon taking
                  | damage. [a shining eye]
 60751 | Slime:1  | Gained mutation: You are very clumsy. (Dex -4) [a shining
                  | eye]
 61026 | D:11     | Bought the ring of the Peasants {rF+ Will+ Int+4 SInv} for
                  | 645 gold pieces
 61181 | Slime:1  | Gained mutation: Scrolls take you longer to read. [a
                  | shining eye]
 61183 | Slime:1  | Gained mutation: Scrolls take you much longer to read. [a
                  | shining eye]
 61198 | Slime:1  | Gained mutation: You are weak. (Str -2) [a shining eye]
 61199 | Slime:1  | Gained mutation: You are very frail. (-20% HP) [a shining
                  | eye]
 61517 | Slime:5  | Fell from the grace of Gozag
 61517 | Slime:5  | Became a worshipper of Jiyva Junaxtor the Shapeless
 61837 | Slime:5  | Was placed under penance by Jiyva
 61850 | Slime:5  | HP: 9/189 [acid (3)]
 61850 | Slime:5  | Slain by a death ooze

Illustrated notes

Levels and vault maps discovered:
D:1:      psy_arrival_wood_between_worlds, layout_basic
D:2:      layout_basic, serial_bayou_pond_b
D:3:      layout_basic, old_standard_altar, nicolae_overflow_crystal_walls,
          serial_rivers, chequers_serial_rivers_small_3,
          chequers_serial_rivers_large_a, chequers_serial_rivers_small_3,
          chequers_serial_rivers_room_a, chequers_serial_rivers_micro_d,
          minmay_misc_feat_four_crosses, uniq_robin
D:4:      layout_gridville, dancing_weapons_uskayaw, minmay_temple_entry_hall,
          patterned_corridor
D:5:      layout_cave_pools, nicolae_ashenzari_panopticon, serial_glass,
          glass_columns_c, glass_columns_b
D:6:      layout_basic, kennysheep_vampire_church, nzn_wu_jian_contemplation,
          gup_sewer_entry_glass, lemuel_flamethrower_2, uniq_eustachio,
          uniq_menkaure
D:7:      layout_basic, serial_shops,
          nicolae_shop_temple_entry_statues_fountains
D:8:      layout_basic, hellmonk_ghost_happy_afterlife
D:9:      layout_basic, kennysheep_ying_yang,
          chequers_temple_overflow_statue_of_worship, serial_shops, shop,
          grunt_ogre_cave
D:10:     layout_basic, david_orc_3, minivault_15,
          minmay_hollow_rounded_squares, uniq_maurice
D:11:     layout_basic, erik_lair_dragon, uniq_grum, uniq_snorg
D:12:     layout_irregular_city, serial_glass, glass_columns_b, glass_columns_c,
          chequers_serial_rivers_room_b, uniq_azrael, uniq_kirke
D:13:     layout_irregular_city, erik_vaults_1, enter_bailey_5,
          lemuel_nasty_fountain
D:14:     layout_irregular_city, lemuel_coloured_pillars_altar,
          chequers_serial_rivers_room_a, minmay_guarded_unrand_prune
D:15:     grunt_enter_depths_magical_seal, layout_stronghold,
          hangedman_decor_diamond_cutter, minmay_hedge_maze
Temple:   eino_temple_lava
Lair:1:   layout_long_grid, lemuel_fruit_fields, uniq_harold
Lair:2:   layout_misc_corridors, swamp_mist, st_stairs_11
Lair:3:   layout_loops_ring, guppyfry_snake_entry_island, uniq_nergalle
Lair:4:   layout_big_grid, ice2_lemuel, lemuel_fruit_tree
Lair:5:   layout_roguey, grunt_megastairs_1, minmay_lair_oklob_chamber
Lair:6:   minmay_lair_end_frog_pond, layout_hall_layers, slime_dummy
Swamp:1:  layout_falls_marsh, hangedman_swamp_lotus, swamp_pool5,
          infiniplex_staircase_pool
Swamp:2:  layout_basic_swamp, evilmike_swamp_ruin_house_6
Swamp:3:  layout_falls_marsh, serial_swamp_ruin, evilmike_swamp_ruin_house_4,
          evilmike_swamp_ruin_house_2
Swamp:4:  swamp_fiery, layout_basic_swamp, gammafunk_ghost_grave, swamp_pool3,
          nicolae_swamp_feature_on_the_river_bank, infiniplex_staircase_pool_2
Snake:1:  layout_grid_maze, minmay_shoptagon, uniq_frances
Snake:2:  layout_honeycomb, uniq_nikola, uniq_aizul
Snake:3:  layout_cave_town, gammafunk_ghost_grave,
          portal_ice_cave_entry_pillars_1, grunt_megastairs_5
Snake:4:  snake_pit_salamanders_mu, layout_rooms, minmay_shop_grove,
          uniq_vashnia
Slime:1:  layout_caves
Slime:2:  layout_caves
Slime:3:  layout_caves
Slime:4:  cheibrodos_slime_lost_civilization_8, layout_caves
Slime:5
Orc:1:    layout_caves, enter_volcano_3, uniq_urug
Orc:2:    st_orc_mages, layout_caves, uniq_saint_roka
Elf:1:    layout_loops_corners, orc_legates
Elf:2:    layout_rooms, serial_shops, nicolae_shop_behind_doors, uniq_asterion
Elf:3:    grunt_elf_hall_asides, layout_geoelf_octagon, serial_shops, shop,
          gammafunk_ghost_grave

Skill      XL: |  1  2  3  4  5  6  7  8  9 10 11 12 13 14 15 16 17 18 19 20 21 22 |
---------------+-------------------------------------------------------------------+-----
Poison Magic   | 1 2 3 4 |  4.2
Unarmed Combat | 4 5 6 7 9 10 11 12 14 | 14.2
Spellcasting   | 3 4 5 7 8 9 11 12 13 14 15 16 17 | 17.1
Transmutations | 3 4 6 7 8 9 11 12 13 | 13.8
Dodging        | 3 4 5 6 7 9 10 12 13 15 16 17 | 17.5
Fighting       | 2 3 4 5 6 7 8 |  8.9
Stealth        | 1 3 5 6 7 9 10 11 13 14 15 | 15.8
Ice Magic      | 3 4 5 9 |  9.3
Hexes          | 2 |  2.3
Translocations | 1 2 |  2.2
Evocations     | 2 3 |  3.0
Crossbows      | 4 7 8 9 |  9.7
Throwing       | 1 2 |  2.3
Earth Magic    | 2 4 5 7 9 11 12 13 | 13.1
Conjurations   | |  0.3

Action                   |  1- 3 |  4- 6 |  7- 9 | 10-12 | 13-15 | 16-18 | 19-21 | 22-24 || total
-------------------------+-------+-------+-------+-------+-------+-------+-------+-------++-------
Melee: Unarmed           |    69 |   159 |   350 |   531 |  1017 |   589 |   900 |   362 ||  3977
       Constrict         |    18 |    26 |    28 |    42 |    87 |    55 |   150 |    29 ||   435
       Tentacles         |    12 |    16 |    18 |    48 |   149 |   159 |   293 |   139 ||   834
       Punch             |     2 |     4 |     3 |    31 |    74 |    80 |   145 |    67 ||   406
       Tailslap          |       |       |       |       |       |     7 |       |       ||     7
       Bite              |       |       |       |       |       |     7 |       |       ||     7
 Fire: Arbalest          |       |       |       |       |    21 |     2 |       |       ||    23
Throw: Dart              |       |       |       |       |    12 |     8 |       |       ||    20
 Cast: Spider Form       |     1 |     8 |    24 |    31 |    14 |       |       |       ||    78
       Blade Hands       |       |       |     1 |    29 |    67 |     1 |       |       ||    98
       Beastly Appendage |       |       |     1 |       |       |       |       |       ||     1
       Ice Form          |       |       |       |     3 |    29 |     2 |       |       ||    34
       Portal Projectile |       |       |       |       |     7 |       |       |       ||     7
       Statue Form       |       |       |       |       |     4 |    76 |    76 |    28 ||   184
       Ozocubu's Armour  |       |       |       |       |     4 |     2 |       |       ||     6
       Dragon Form       |       |       |       |       |       |     3 |       |     1 ||     4
       Lee's Rapid Decon |       |       |       |       |       |       |    26 |       ||    26
       Iron Shot         |       |       |       |       |       |       |     2 |       ||     2
Invok: Call Merchant     |       |       |       |     2 |     2 |     1 |     2 |     1 ||     8
Evoke: Wand              |       |       |       |       |    17 |     4 |       |     1 ||    22
       Phial of floods   |       |       |       |       |     1 |       |       |       ||     1
       Condenser vane    |       |       |       |       |     1 |       |       |       ||     1
  Use: Scroll            |       |       |     9 |     2 |    13 |    10 |    11 |     3 ||    48
       Potion            |       |       |       |     7 |    12 |     1 |     1 |     1 ||    22
 Stab: Sleeping          |     4 |     4 |     3 |    10 |     3 |     8 |    27 |     6 ||    65
       Distracted        |       |       |     1 |     3 |    11 |     7 |    21 |     4 ||    47
       Invisible         |       |       |       |       |     4 |       |       |       ||     4
       Fleeing           |       |       |       |       |       |       |     1 |       ||     1
Armor: Skin              |     5 |    20 |    27 |    49 |   155 |   408 |   432 |   165 ||  1261
Dodge: Dodged            |    65 |   114 |   282 |   366 |   775 |   864 |  1179 |   530 ||  4175
